 Dungeon Crawl Stone Soup version 0.26-a0-362-g1d9a9cd4fa (webtiles) character file.

Game seed: 11385860086737105713

(classic levelgen) 2164979 EnegeticOcto the Slayer (level 27, 254/254 HPs)
             Began as a Mummy Wanderer on July 17, 2020.
             Was the Champion of Ru.
             Escaped with the Orb
             ... and 4 runes on July 18, 2020!
             The game lasted 02:33:22 (85209 turns).

EnegeticOcto the Slayer (Mummy Wanderer)           Turns: 85209, Time: 02:33:23

Health: 254/254    AC: 50    Str: 23      XL:     27
Magic:  29/29      EV: 12    Int: 13 (14) God:    Ru [******]
Gold:   4597       SH:  0    Dex: 12 (14) Spells: 32/34 levels left

rFire    + + +     SeeInvis +   w - +9 demon whip (elec)
rCold    + . .     Faith    .   (shield unavailable)
rNeg     + + +     Spirit   .   H - +12 gold dragon scales
rPois    ∞         Reflect  .   P - +2 helmet {SInv}
rElec    .         Harm     .   N - +2 cloak {rF+}
rCorr    .                      k - +0 pair of gloves of the Fisher {rF+ MR+}
MR       +++++                  V - +2 pair of boots {Fly}
Stlth    ..........             O - amulet of Vitality {Regen+ HP+15}
HPRegen  0.92/turn              (ring unavailable)
MPRegen  0.21/turn              Z - ring "Qus Lad" {Fire +Blink +Inv MR+}

@: no status effects
A: no potions, fire vulnerability, cold resistance 1, negative energy resistance
3, torment resistance, unbreathing, inability to read while threatened, missing
a hand, no earth magic, no necromancy magic, no transmutations magic, unskilled
1, in touch with death 2
0: Orb of Zot
}: 4/15 runes: decaying, serpentine, slimy, silver
a: Draw Out Power, Power Leap, Apocalypse, Renounce Religion, Evoke Blink, Evoke
Invisibility, Evoke Flight


You escaped.
You worshipped Ru.
Ru was exalted by your worship.
You visited 12 branches of the dungeon, and saw 58 of its levels.
You also visited: Sewer, Ossuary, Bailey and Volcano.

You collected 9101 gold pieces.
You spent 4504 gold pieces at shops.

Inventory:

Hand Weapons
 a - a +9 demon whip of draining
 b - the +5 demon whip "Spellbinder" {antimagic, MR+}
   (You found it on level 4 of the Vaults)

   It reduces the magical energy of the wielder, and disrupts the spells and
   magical abilities of those hit.
   Natural abilities and divine invocations are not affected.
   It affects your resistance to hostile enchantments.
 w - a +9 demon whip of electrocution (weapon)
 J - a +1 dagger of distortion
Missiles
 d - 12 throwing nets {!f}
 p - 21 curare-tipped darts
 r - 54 boomerangs (quivered)
 M - 14 silver javelins
Armour
 k - the +0 pair of gloves of the Fisher (worn) {rF+ MR+}
   (You found it on level 4 of the Realm of Zot)

   It protects you from fire.
   It affects your resistance to hostile enchantments.
 H - +12 gold dragon scales (worn)
 N - a +2 cloak of fire resistance (worn)
 P - a +2 helmet of see invisible (worn)
 V - a +2 pair of boots of flying (worn)
Magical Staves
 S - an uncursed staff of wizardry
Jewellery
 l - the ring "Pir Cecw" {rF+ rCorr}
   (You bought it in a shop on level 1 of the Snake Pit)

   [ring of resist corrosion]

   It protects you from fire.
   It provides partial protection from all sources of acid and corrosion.
 O - the amulet of Vitality (around neck) {Regen+ HP+15}
   (You bought it in a shop on level 2 of the Orcish Mines)

   [amulet of regeneration]

   It affects your health (+15).
   It increases your rate of regeneration.
 Y - the ring of Adejuosath {rElec rPois rF+}
   (You found it on level 2 of the Depths)

   [ring of poison resistance]

   It protects you from fire.
   It insulates you from electricity.
   It protects you from poison.
 Z - the ring "Qus Lad" (right hand) {Fire +Blink +Inv MR+}
   (You found it on level 1 of the Elven Halls)

   [ring of fire]

   It enhances your fire magic.
   It protects you from fire.
   It makes you vulnerable to cold.
   It affects your resistance to hostile enchantments.
   It lets you turn invisible.
   It lets you blink.
Wands
 e - a wand of flame (80) {@v4}
 f - a wand of enslavement (35)
 q - a wand of paralysis (16)
 s - a wand of random effects (158)
 z - a wand of iceblast (57) {@v2}
 A - a wand of polymorph (40)
 G - a wand of disintegration (16)
 Q - a wand of digging (15) {@v3}
 U - a wand of acid (17) {@v1}
 X - a wand of clouds (14)
Scrolls
 c - 21 scrolls of teleportation {@r3 !r}
 h - 35 scrolls of remove curse {@r2}
 m - a scroll of enchant weapon
 n - 6 scrolls of immolation
 o - 10 scrolls of fear {!r}
 t - 7 scrolls of vulnerability
 u - 9 scrolls of blinking {@r4}
 y - 4 scrolls of noise
 B - 18 scrolls of identify {@r1}
 C - 11 scrolls of fog {!r}
 D - 4 scrolls of holy word
 F - 5 scrolls of silence
 R - 5 scrolls of torment
 T - 4 scrolls of summoning
 W - 6 scrolls of magic mapping {@r5 !r}
Miscellaneous
 g - a lightning rod (4/4)
 i - 4 phantom mirrors
 I - a box of beasts
 K - a tin of tremorstones (2/3)
 L - a phial of floods


   Skills:
 + Level 24.3 Fighting
   Level 3.9(11.3) Axes
 - Level 15.8(16.0) Maces & Flails
   Level 3.9(4.0) Slings
 - Level 0.8(2.5) Throwing
 + Level 22.8 Armour
 - Level 14.1 Dodging
 - Level 0.8 Stealth
 - Level 4.0 Spellcasting
 - Level 18.0 Evocations


You had 32 spell levels left.
You knew the following spells:

 Your Spells              Type           Power        Failure   Level
Y - Blink                 Tloc           N/A          99%         2

Your spell library contained the following spells:

 Spells                   Type           Power        Failure   Level
 Corona                   Hex            #......      95%         1
 Foxfire                  Conj/Fire      #...         95%         1
 Freeze                   Ice            #...         95%         1
 Magic Dart               Conj           #...         95%         1
 Shock                    Conj/Air       #...         95%         1
 Summon Small Mammal      Summ           #...         95%         1
 Call Imp                 Summ           #.......     99%         2
 Ensorcelled Hibernation  Hex/Ice        #.....       99%         2
 Searing Ray              Conj           #.....       99%         2
 Slow                     Hex            #.......     99%         2
 Swiftness                Air            #.......     99%         2
 Call Canine Familiar     Summ           #.......     100%        3
 Confusing Touch          Hex            #.......     100%        3
 Conjure Flame            Conj/Fire      #.......     100%        3
 Dazzling Flash           Conj/Hex       #.....       100%        3
 Frozen Ramparts          Ice            #.....       100%        3
 Gell's Gravitas          Tloc           #.........   100%        3
 Mephitic Cloud           Conj/Pois/Air  #.......     100%        3
 Ozocubu's Armour         Ice            #.......     100%        3
 Static Discharge         Conj/Air       #.......     100%        3
 Summon Guardian Golem    Hex/Summ       #.......     100%        3
 Tukima's Dance           Hex            #.......     100%        3
 Airstrike                Air            #.........   100%        4
 Fulminant Prism          Conj/Hex       #.........   100%        4
 Hailstorm                Conj/Ice       #.......     100%        4
 Iskenderun's Mystic Bla  Conj/Tloc      #.......     100%        4
 Summon Ice Beast         Ice/Summ       #.......     100%        4
 Summon Lightning Spire   Summ/Air       #.......     100%        4
 Iskenderun's Battlesphe  Conj           #.......     100%        5
 Lightning Bolt           Conj/Air       #.........   100%        5
 Metabolic Englaciation   Hex/Ice        #.........   100%        5
 Silence                  Hex/Air        #.........   100%        5
 Summon Demon             Summ           #.........   100%        5
 Summon Forest            Summ/Tloc      #.........   100%        5
 Summon Mana Viper        Hex/Summ       #.......     100%        5
 Conjure Ball Lightning   Conj/Air       #.........   100%        6
 Freezing Cloud           Conj/Ice/Air   #.........   100%        6
 Ozocubu's Refrigeration  Ice            #.........   100%        6
 Shadow Creatures         Summ           N/A          100%        6
 Orb of Destruction       Conj           #.........   100%        7
 Spellforged Servitor     Conj/Summ      #.........   100%        7
 Summon Hydra             Summ           #.........   100%        7
 Chain Lightning          Conj/Air       #.........   100%        8
 Ignition                 Fire           #.........   100%        8
 Absolute Zero            Ice            #.........   100%        9
 Fire Storm               Conj/Fire      #.........   100%        9
 Tornado                  Air            #.........   100%        9
 Animate Skeleton         Necr           Unusable     N/A         1
 Beastly Appendage        Tmut           Unusable     N/A         1
 Pain                     Necr           Unusable     N/A         1
 Sandblast                Erth           Unusable     N/A         1
 Corpse Rot               Necr/Air       Unusable     N/A         2
 Passwall                 Tmut/Erth      Unusable     N/A         2
 Sublimation of Blood     Necr           Unusable     N/A         2
 Wereblood                Tmut           Unusable     N/A         2
 Ignite Poison            Fire/Tmut/Pois Unusable     N/A         3
 Spider Form              Tmut/Pois      Unusable     N/A         3
 Stone Arrow              Conj/Erth      Unusable     N/A         3
 Vampiric Draining        Necr           Unusable     N/A         3
 Animate Dead             Necr           Unusable     N/A         4
 Ice Form                 Ice/Tmut       Unusable     N/A         4
 Leda's Liquefaction      Hex/Erth       Unusable     N/A         4
 Petrify                  Tmut/Erth      Unusable     N/A         4
 Agony                    Necr           Unusable     N/A         5
 Alistair's Intoxication  Tmut/Pois      Unusable     N/A         5
 Blade Hands              Tmut           Unusable     N/A         5
 Bolt of Magma            Conj/Fire/Erth Unusable     N/A         5
 Borgnjor's Vile Clutch   Necr/Erth      Unusable     N/A         5
 Excruciating Wounds      Necr           Unusable     N/A         5
 Irradiate                Conj/Tmut      Unusable     N/A         5
 Lee's Rapid Deconstruct  Erth           Unusable     N/A         5
 Yara's Violent Unravell  Hex/Tmut       Unusable     N/A         5
 Eringya's Noxious Bog    Tmut/Pois      Unusable     N/A         6
 Hydra Form               Tmut           Unusable     N/A         6
 Iron Shot                Conj/Erth      Unusable     N/A         6
 Simulacrum               Ice/Necr       Unusable     N/A         6
 Statue Form              Tmut/Erth      Unusable     N/A         6
 Dragon Form              Tmut           Unusable     N/A         7
 Haunt                    Necr/Summ      Unusable     N/A         7
 Borgnjor's Revivificati  Necr           Unusable     N/A         8
 Infestation              Necr           Unusable     N/A         8
 Lehudib's Crystal Spear  Conj/Erth      Unusable     N/A         8
 Necromutation            Tmut/Necr      Unusable     N/A         8
 Death's Door             Necr           Unusable     N/A         9
 Shatter                  Erth           Unusable     N/A         9

Dungeon Overview and Level Annotations

Branches:
Dungeon (15/15)            Temple (1/1) D:7            Lair (6/6) D:9
  Swamp (4/4) Lair:3        Snake (4/4) Lair:4        Slime (5/5) Lair:5
    Orc (2/2) D:9             Elf (3/3) Orc:2        Vaults (5/5) D:14
  Crypt (3/3) Vaults:2       Tomb (0/3) Crypt:3      Depths (5/5) D:15
    Zot (5/5) Depths:5      Sewer (visited)         Ossuary (visited)
 Bailey (visited)         Volcano (visited)

Altars:
Ashenzari
Cheibriados
Dithmenos
Elyvilon
Fedhas
Gozag
Hepliaklqana
Kikubaaqudgha
Makhleb
Nemelex Xobeh
Okawaru
Qazlal
Ru
Sif Muna
Trog
Uskayaw
Vehumet
Wu Jian
Xom
Yredelemnul
Zin
The Shining One
Jiyva

Shops:
D:6 *   D:11 *   D:15 [   Orc:2 =[[!*   Elf:2 :(   Elf:3 ?*!   Snake:1 }=}*
Vaults:2 [   Vaults:5 ?=?([

Portals:
Hell: Depths:1 Depths:2 Depths:3 Depths:4 Depths:5
Abyss: Depths:3 Depths:4
Pandemonium: Depths:1 Depths:2 Depths:3 Depths:5
Ziggurat: Depths:2

Annotations:
Lair:2 exclusion: oklob plant
Lair:3 exclusion: oklob plant
Lair:4 1 runed translucent door, Elizilla's ghost, journeyman FoFi
Snake:2 Roxanne
Crypt:3 2 transporters, Util's ghost, veteran MiBe
Depths:2 2 runed translucent doors
Depths:3 1 runed translucent door, Goddom's ghost, veteran GnWz
Depths:4 exclusion: 2 obsidian statues
Depths:5 3 runed translucent doors, exclusion: obsidian statue, Fylyssy's ghost, master KoEn


Innate Abilities, Weirdness & Mutations

You do not drink.
Your flesh is vulnerable to fire.
You are immune to poison.
Your flesh is cold resistant. (rC+)
You are immune to negative energy. (rN+++)
You are immune to unholy pain and torment.
You can survive without breathing.
You cannot read scrolls while threatened.
You are missing a hand.
You cannot study or cast Earth magic.
You cannot study or cast Necromancy magic.
You cannot study or cast Transmutations magic.
You are somewhat unskilled. (-1 Apt)
You are strongly in touch with the powers of death.


Message History

You hit the lorocyproca but do no damage.
The lorocyproca is severely wounded.
You whack the lorocyproca!
The lorocyproca is severely wounded.
The lorocyproca misses you.
You whack the lorocyproca!
The lorocyproca is almost dead.
You thrash the lorocyproca!!
You kill the lorocyproca!
No target in view!
(D) Dungeon (T) Temple (L) Lair (S) Swamp (P) Snake Pit (M) Slime Pits (O) Orcish Mines (E) Elven Halls (V) Vaults (C) Crypt (W) Tomb (U) Depths (H) Hell (Z) Zot
Where to? (Enter - D:1 @ (x,y), ? - help)
A rakshasa comes into view. It is wielding a +0 whip.
Unknown command.
An adder comes into view.
You barely miss the rakshasa.
The rakshasa hits you but does no damage.
You thrash the rakshasa!! Lightning courses through the rakshasa!
The rakshasa is heavily wounded.
The injured rakshasa weaves a defensive illusion!
You thrash the rakshasa!!
You kill the rakshasa!
The adder barely misses you.
You redirect the rakshasa's attack!
The rakshasa barely misses you.
You barely miss the rakshasa.
The rakshasa is severely wounded.
The adder bites you but does no damage.
You completely miss the rakshasa.
The rakshasa is severely wounded.
You redirect the rakshasa's attack!
The rakshasa barely misses you.
You hit the rakshasa. Lightning courses through the rakshasa!
The rakshasa is almost dead.
The adder bites you but does no damage.
The rakshasa weaves an illusion.
The adder shimmers and seems to become two!
You punish the rakshasa, causing immense pain!!!
You kill the rakshasa!
The rakshasa shimmers and vanishes!
The adder shimmers and vanishes!
Your tin of tremorstones (2/3) has regained one charge.
You closely miss the adder. You whack the adder!
You kill the adder!
No target in view!
No target in view!
No target in view!
No target in view!
No target in view!
No target in view!
No target in view!
No target in view!
No target in view!
No target in view!
No target in view!
No target in view!
No target in view!
No target in view!
No target in view!
No target in view!
No target in view!
(D) Dungeon (T) Temple (L) Lair (S) Swamp (P) Snake Pit (M) Slime Pits (O) Orcish Mines (E) Elven Halls (V) Vaults (C) Crypt (W) Tomb (U) Depths (H) Hell (Z) Zot
Where to? (Enter - D:1 @ (x,y), ? - help)
There is a stone staircase leading up here.
You climb upwards.
There is a stone staircase leading down here.
There is a stone staircase leading up here.
You climb upwards.
There is a stone staircase leading down here.
There is a stone staircase leading up here.
You climb upwards.
There is a stone staircase leading down here.
A balrug comes into view.
It is wielding a +2 demon whip of flaming.
The balrug shouts!
Unknown command.
The balrug begins to attack, but is stunned by your will!
A sun demon comes into view.
The sun demon shouts!
A red devil comes into view. It is wielding a +0 trident.
A sun demon comes into view.
The sun demon shouts!
A red devil comes into view. It is wielding a +0 trident.
The balrug begins to attack, but is stunned by your will!
The balrug gestures at you.
The sticky flame hits you but does no damage.
You are covered in liquid flames!
You are covered in liquid flames!
You are covered in liquid flames!
You are covered in liquid flames!
The balrug begins to attack, but is stunned by your will!
You are covered in liquid flames!
The balrug begins to attack, but is stunned by your will!
There is a staircase leading out of the dungeon here.
You have escaped!

....###....................#.....
##..# ####.......##........#...#.
....### #.......##.........####.
......#####.#....##.........##...
......###...###...####......##...
......#.............##......##...
......#.............##......##...
##.......###...###...#†#...###...
.........#......@#...#.#.........
.........#.......#...#.#.........
......#........23...##.#.......##
......#......#..!...##)#.......##
...##.#.............#..........#.
....#....#.......#..)..........#.
....#....#>...3..#.............#.
....#....###...###...#.#....#)##.
....#.#.............##......#.##.


You could see a balrug and 2 sun demons.

Vanquished Creatures
  the Royal Jelly (Slime:5)
  9 ancient liches
  Khufu (Crypt:1)
  6 orbs of fire
  3 juggernauts
  Sojobo (Depths:3)
  3 greater mummies
  7 Killer Klowns
  Margery (Vaults:2)
  Vashnia (Snake:4)
  Saint Roka (Depths:1)
  Bai Suzhen (Vaults:5)
  2 curse toes
  Nikola (Depths:1)
  A caustic shrike (shapeshifter) (Depths:4)
  10 golden dragons
  A profane servitor (Crypt:1)
  2 bone dragons
  A shard shrike zombie (Crypt:2)
  3 electric golems
  Jorgrun (D:12)
  6 liches
  A deep elf blademaster (Elf:3)
  28 Orb Guardians
  18 tentacled monstrosities
  10 quicksilver dragons
  A deep elf master archer (Elf:3)
  11 death cobs
  5 titans (Vaults:5)
  The ghost of Napalmbreeze the Warrior, an adept FoFi of Uskayaw (Swamp:3)
  The ghost of ifreund the Warrior, an adept FoFi of Okawaru (Elf:1)
  13 acid blobs
  15 ancient champions
  4 sphinxes
  A storm dragon (shapeshifter) (Depths:4)
  8 storm dragons
  16 draconian monks
  12 tengu reavers
  9 shadow dragons
  A revenant (Crypt:3)
  2 thorn hunters
  15 azure jellies
  8 nagarajas
  6 fire giants
  A ghost moth (Zot:4)
  11 frost giants
  An iron dragon (Depths:2)
  A cacodemon (D:15)
  11 draconian knights
  A caustic shrike zombie (Depths:3)
  11 vault wardens
  3 large abominations
  7 deep elf sorcerers
  2 curse skulls
  9 draconian scorchers
  6 deep elf elementalists
  Aizul (Snake:2)
  5 draconian shifters
  9 draconian stormcallers
  6 ghouls
  5 war gargoyles
  9 ironheart preservers
  2 spriggan defenders (Depths:2)
  6 draconian annihilators
  28 very ugly things
  3 reapers (Crypt:2)
  A stone giant (shapeshifter) (Depths:4)
  30 stone giants
  19 black draconians
  10 vampire knights
  15 green draconians
  A deep elf demonologist (Vaults:5)
  A lorocyproca (D:4)
  13 yellow draconians
  A minotaur (D:12)
  Nessos (D:14)
  19 purple draconians
  11 white draconians
  7 spark wasps (Depths:2)
  12 red draconians
  8 deep elf annihilators (Elf:3)
  13 ettins
  6 eidola
  A blizzard demon (Depths:4)
  7 crystal guardians (Depths:4)
  9 deep elf death magi
  Josephine (D:14)
  A fire dragon (shapeshifter) (Depths:4)
  A quicksilver dragon zombie (Crypt:1)
  3 jiangshi (Crypt:3)
  19 yaktaur captains
  4 fire dragons
  7 death oozes (Slime:5)
  6 deep elf high priests
  A monstrous demonspawn (Depths:3)
  8 great orbs of eyes
  28 vault guards
  8 rakshasas
  A hydra (shapeshifter) (Depths:2)
  2 ghost crabs (Swamp:3)
  5 quicksilver dragon skeletons
  The ghost of Ummyemn the Destroyer, a journeyman DrCj of Vehumet (D:12)
  11 ice dragons
  An anaconda (shapeshifter) (Depths:4)
  12 naga warriors
  A hell beast (Depths:3)
  2 shambling mangroves
  21 hydras
  2 catoblepae
  7 centaur warriors
  7 spriggan air magi
  19 anacondas
  13 ogre magi
  The ghost of Infinimo the Grappler, a novice HOMo of Gozag (D:8)
  Erica (D:10)
  38 dancing weapons
  5 alligators
  5 death knights
  24 two-headed ogres
  6 orc high priests
  3 tengu warriors (Depths:2)
  12 naga sharpshooters
  4 deep troll earth magi
  5 spriggan berserkers
  7 vampire magi
  5 deep troll shamans
  A titan skeleton (Crypt:1)
  4 death yaks (Lair:6)
  25 deep elf knights
  14 hell knights
  An iron golem (Depths:4)
  2 soul eaters (Crypt:3)
  A spark wasp zombie (Depths:3)
  15 shock serpents
  A storm dragon skeleton (Crypt:3)
  An anaconda zombie (Crypt:2)
  2 unseen horrors
  4 sixfirhies
  A small abomination (Elf:3)
  15 flayed ghosts
  3 salamander mystics
  6 shadow wraiths
  2 iron trolls
  29 skeletal warriors
  11 deep trolls
  2 sea snakes (shapeshifter)
  6 glowing orange brains
  2 obsidian statues (Depths:4)
  8 swamp dragons
  11 ironbrand convokers
  A swamp dragon (shapeshifter) (Depths:2)
  9 naga ritualists
  Pikel (D:9)
  7 wizards
  13 deep elf archers
  11 necromancers
  9 harpies
  12 phantasmal warriors
  4 mana vipers
  15 orc knights
  A shadow dragon zombie (Depths:3)
  4 oklob plants (Lair:5)
  A tengu skeleton (Vaults:4)
  11 salamanders
  An orc sorcerer (Vaults:1)
  A sphinx zombie (Vaults:4)
  An iron dragon zombie (Depths:3)
  6 shining eyes
  A mana viper (shapeshifter) (Depths:4)
  A manticore (shapeshifter) (Vaults:2)
  3 wolf spiders
  2 shadow dragon skeletons
  2 cyclopes (shapeshifter)
  3 cyclopes
  57 deep elf magi
  42 ugly things
  2 moths of wrath (shapeshifter) (Vaults:5)
  26 moths of wrath
  A rust devil (Zot:4)
  11 vault sentinels
  2 frost giant zombies
  An elephant (shapeshifter) (Elf:3)
  3 elf zombies (Depths:3)
  A stone giant skeleton (Depths:1)
  An eye of devastation (shapeshifter) (Vaults:5)
  3 gargoyles
  A guardian serpent (shapeshifter) (Vaults:1)
  18 naga magi
  3 elephants (Lair:6)
  30 black mambas
  17 guardian serpents
  2 orange demons
  2 molten gargoyles (Depths:4)
  3 eyes of devastation
  19 cane toads
  A kobold demonologist (D:9)
  A yaktaur (shapeshifter) (Vaults:4)
  A rime drake (shapeshifter) (Elf:3)
  2 efreet
  A rime drake (Lair:4)
  15 freezing wraiths
  8 komodo dragons
  3 guardian mummies (Depths:3)
  2 ice devils (Depths:3)
  A grey draconian skeleton (Crypt:3)
  A redback zombie (Crypt:2)
  53 yaktaurs
  A pale draconian skeleton (Crypt:2)
  A merfolk (shapeshifter) (Depths:4)
  5 trolls
  A polar bear (shapeshifter) (Vaults:3)
  2 wind drakes (Depths:4)
  6 tyrant leeches
  A red devil (Depths:3)
  16 hornets
  2 wind drakes (shapeshifter)
  A polar bear (Lair:5)
  72 slime creatures
  16 blink frogs
  A harpy skeleton (Crypt:1)
  4 raiju (Depths:4)
  12 hippogriffs
  A tyrant leech (shapeshifter) (Depths:4)
  An ettin zombie (Vaults:4)
  6 dream sheep (Lair:6)
  10 bog bodies
  A deep troll zombie (Depths:1)
  A slime creature (shapeshifter) (Vaults:5)
  2 spriggan zombies
  A blink frog (shapeshifter) (Depths:2)
  24 water elementals
  6 fire dragon skeletons (Crypt:2)
  9 air elementals
  A centaur simulacrum (D:14)
  A redback (shapeshifter) (Depths:4)
  A deep troll skeleton (Depths:1)
  A satyr skeleton (Crypt:2)
  An ice dragon skeleton (Crypt:2)
  5 vampires
  2 humans (shapeshifter)
  An ettin skeleton (Vaults:3)
  An alligator skeleton (Crypt:1)
  9 spriggans
  21 wraiths
  36 yaks
  3 wyverns
  9 fire elementals
  16 vampire mosquitoes
  14 golden eyes
  2 steam dragons
  A black mamba skeleton (Crypt:3)
  Edmund (D:6)
  13 insubstantial wisps
  9 wargs
  A naga (shapeshifter) (Depths:4)
  An ogre zombie (Vaults:1)
  15 swamp worms
  A glowing shapeshifter zombie (Crypt:3)
  14 bullfrogs
  9 porcupines
  Duvessa (D:5)
  2 soldier ants
  54 nagas
  16 water moccasins
  A merfolk skeleton (Crypt:3)
  A water nymph skeleton (Crypt:2)
  53 orc warriors
  13 swamp drakes
  A floating eye (Depths:2)
  2 ice beasts
  4 sky beasts
  2 necrophages
  38 ogres
  6 phantoms
  2 eyes of draining
  11 wolves
  An eye of draining (shapeshifter) (Vaults:4)
  22 boggarts
  4 black bears
  16 centaurs
  An elephant skeleton (Crypt:1)
  13 crocodiles
  A rime drake zombie (Crypt:2)
  2 lemures (D:9)
  A yaktaur zombie (Crypt:3)
  9 big kobolds
  2 deep troll simulacra
  2 yaktaur skeletons
  Dowan (D:5)
  8 earth elementals
  10 scorpions
  6 killer bees
  A snapping turtle simulacrum (Crypt:3)
  9 wights
  An electric eel (Lair:6)
  2 howler monkeys
  A crimson imp (D:6)
  2 bullfrog zombies
  A quasit (D:10)
  5 centaur zombies
  A basilisk zombie (Crypt:3)
  2 human zombies
  28 orc priests
  4 bullfrog skeletons
  7 hounds
  5 centaur skeletons
  2 iron imps (Depths:1)
  6 jellies
  3 iguanas
  A hell rat (Lair:5)
  12 worker ants
  21 orc wizards
  A big kobold zombie (Ossuary)
  An acid dragon skeleton (Crypt:3)
  A crocodile skeleton (Crypt:1)
  A hound zombie (D:9)
  A hound skeleton (D:8)
  9 mummies
  A worker ant zombie (D:4)
  A howler monkey zombie (D:4)
  7 gnolls
  A howler monkey skeleton (D:8)
  3 scorpion zombies (Ossuary)
  24 adders
  A shadow imp (D:6)
  2 white imps
  2 ufetubi (D:7)
  6 oozes
  A halfling zombie (Crypt:1)
  An iguana zombie (Crypt:3)
  2 adder skeletons
  5 adder zombies
  A worm (D:5)
  3 ball lightnings (Depths:4)
  4 dart slugs
  13 leopard geckos
  117 orcs
  5 ball pythons
  8 bats
  11 giant cockroaches
  16 goblins
  10 hobgoblins
  12 jackals
  5 quokkas
  8 frilled lizards
  4 gnoll zombies (Ossuary)
  A goblin zombie (Ossuary)
  4 hobgoblin zombies
  A jackal zombie (D:4)
  24 kobolds
  2 kobold zombies (Ossuary)
  A leopard gecko skeleton (D:4)
  A leopard gecko zombie (D:4)
  4 orc zombies (Ossuary)
  A quokka skeleton (D:4)
  A quokka zombie (D:4)
  4 rats
  7 briar patches (Swamp:4)
  3 crawling corpses (Elf:1)
  4 fungi
  4 plants
2663 creatures vanquished.

Vanquished Creatures (collateral kills)
  An orb of fire (Zot:5)
  An electric golem (Zot:5)
  A quicksilver dragon (Zot:3)
  A draconian shifter (Zot:3)
  A crystal guardian (Depths:4)
  An anaconda (Snake:1)
  2 dancing weapons (Depths:4)
  2 nagas (Snake:1)
  A bullfrog (Sewer)
11 creatures vanquished.

Vanquished Creatures (others)
  Mara (Depths:1)
  A tentacled monstrosity (Zot:1)
  A lich (Depths:3)
  A deep elf blademaster (Elf:2)
  A death cob (Zot:3)
  A thorn hunter (Swamp:4)
  A tengu reaver (Vaults:5)
  A nagaraja (Snake:4)
  2 fire giants
  A curse skull (Crypt:3)
  A deep elf elementalist (Elf:3)
  A stone giant (Depths:1)
  A green draconian (Zot:4)
  A yellow draconian (Zot:4)
  3 ettins
  An eidolon (Crypt:1)
  A yaktaur captain (Depths:2)
  An ice dragon (Vaults:3)
  5 hydras
  An anaconda (Snake:4)
  A two-headed ogre (Depths:1)
  2 dancing weapons (Elf:2)
  A spriggan berserker (Depths:5)
  An alligator (Swamp:4)
  A shock serpent (Snake:4)
  A naga sharpshooter (Snake:1)
  A deep elf knight (Elf:1)
  A skeletal warrior (Crypt:1)
  A swamp dragon (Swamp:4)
  A fire giant zombie (Vaults:3)
  3 deep elf magi
  A moth of wrath (Zot:1)
  A naga mage (Snake:4)
  2 yaktaurs
  A komodo dragon (Lair:1)
  A wind drake (Depths:4)
  2 slime creatures
  2 bog bodies
  A water elemental (Depths:1)
  A warg (Vaults:1)
  A naga (Snake:3)
  A swamp worm (Swamp:4)
  A porcupine (Lair:4)
  An orc warrior (Orc:2)
  A necrophage (Crypt:2)
  A boggart (Depths:2)
  3 ogres
  2 bullfrogs
  An earth elemental (Elf:3)
  A wyvern zombie (D:14)
  2 scorpions (Ossuary)
  A jelly (D:15)
  An orc priest (Vaults:2)
  A mummy (Depths:3)
  5 ball lightnings (Depths:4)
  5 orcs
  6 briar patches
  7 fungi
  3 plants
  9 toadstools (Swamp:3)
106 creatures vanquished.

Grand Total: 2780 creatures vanquished

Notes
Turn   | Place    | Note
-------+----------+-------------------------------------------
     0 | D:1      | EnegeticOcto the Mummy Wanderer began the quest for the
                  | Orb.
     0 | D:1      | EnegeticOcto set off with the following items: a +2 hand
                  | axe, a +0 ring mail, a scroll of teleportation {@r3 !r}
     0 | D:1      | Reached XP level 1. HP: 16/16 MP: 1/1
   117 | D:1      | Reached XP level 2. HP: 20/22 MP: 2/2
   250 | D:1      | Reached skill level 4 in Axes
   457 | D:1      | Reached XP level 3. HP: 27/27 MP: 3/3
  1219 | D:2      | Reached skill level 1 in Slings
  1300 | D:2      | Reached XP level 4. HP: 32/33 MP: 4/4
  1851 | D:2      | Reached skill level 2 in Slings
  2293 | D:3      | Reached XP level 5. HP: 17/38 MP: 5/5
  2362 | D:3      | Reached skill level 3 in Slings
  3106 | D:4      | Reached XP level 6. HP: 44/44 MP: 6/6
  3167 | D:4      | Reached skill level 3 in Fighting
  3404 | D:4      | Found a glowing drain.
  3420 | Sewer    | Entered a sewer
  3623 | Sewer    | Reached skill level 4 in Fighting
  3755 | Sewer    | Killed a bullfrog
  3755 | Sewer    | Reached skill level 5 in Fighting
  3755 | Sewer    | Reached XP level 7. HP: 37/56 MP: 7/7
  4085 | D:4      | Reached skill level 2 in Evocations
  4886 | D:5      | Entered Level 5 of the Dungeon
  4951 | D:5      | Found a sand-covered staircase.
  4966 | Ossuary  | Entered an ossuary
  4992 | Ossuary  | Reached skill level 6 in Fighting
  5032 | Ossuary  | Reached skill level 3 in Evocations
  5099 | Ossuary  | Reached XP level 8. HP: 49/65 MP: 8/8
  5225 | Ossuary  | Reached skill level 7 in Fighting
  5609 | D:5      | Noticed Dowan
  5749 | D:6      | Reached skill level 8 in Fighting
  5840 | D:6      | Reached skill level 1 in Dodging
  5871 | D:6      | Found Geecic's Assorted Antiques.
  5878 | D:6      | Bought a scroll labeled IGUTRORUPI for 28 gold pieces
  5878 | D:6      | Bought a twisted silver wand for 112 gold pieces
  5878 | D:6      | Bought an ivory wand for 112 gold pieces
  5999 | D:6      | Noticed Edmund
  6025 | D:6      | Killed Edmund
  6025 | D:6      | Reached skill level 2 in Dodging
  6240 | D:6      | Found a shadowy altar of Dithmenos.
  6241 | D:6      | Found a shimmering altar of Xom.
  6302 | D:5      | Noticed Duvessa
  6524 | D:5      | Killed Duvessa
  6529 | D:5      | Killed Dowan
  6529 | D:5      | Reached skill level 1 in Maces & Flails
  6573 | D:6      | Reached skill level 3 in Dodging
  6697 | D:5      | Reached skill level 2 in Maces & Flails
  6697 | D:5      | Reached XP level 9. HP: 25/74 MP: 5/9
  7017 | D:5      | Reached skill level 4 in Evocations
  7376 | D:7      | Found a staircase to the Ecumenical Temple.
  7382 | Temple   | Entered the Ecumenical Temple
  7540 | Temple   | Became a worshipper of Ru the Awakened
  7648 | D:7      | Reached skill level 3 in Maces & Flails
  7788 | D:7      | Found a sparkling altar of Nemelex Xobeh.
  7995 | D:7      | Reached skill level 5 in Evocations
  8070 | D:7      | Reached skill level 4 in Maces & Flails
  8267 | D:7      | Found a hazy altar of Hepliaklqana.
  8276 | D:7      | Found a bloodstained altar of Trog.
  8568 | D:8      | Found a flagged portal.
  8603 | Bailey   | Entered a bailey
  8778 | Bailey   | Gained mutation: You are somewhat unskilled. (-1 Apt) [Ru
                  | sacrifice]
  8778 | Bailey   | Reduced skill Fighting to level 7
  8778 | Bailey   | Reduced skill Axes to level 3
  8778 | Bailey   | Reduced skill Throwing to level 0
  8778 | Bailey   | Reduced skill Armour to level 0
  8778 | Bailey   | Reduced skill Dodging to level 2
  8778 | Bailey   | Reduced skill Stealth to level 0
  8778 | Bailey   | Reached * piety under Ru
  8778 | Bailey   | Reached ** piety under Ru
  9021 | Bailey   | Noticed an orc knight
  9023 | Bailey   | Noticed an orc knight
  9129 | Bailey   | Identified the +3 kite shield of Makhleb's Outrage {rElec
                  | Regen+ Str-3 Stlth+}
  9411 | Bailey   | Noticed an orc knight
 10128 | D:8      | Found a sacrificial altar of Ru.
 10393 | D:8      | Found a runed translucent gate.
 10394 | D:8      | Found a runed translucent gate.
 10394 | D:8      | Found a runed translucent gate.
 10396 | D:8      | Noticed Infinimo's ghost (novice HOMo)
 10474 | D:9      | Found a staircase to the Lair.
 10597 | D:9      | Noticed Pikel
 10620 | D:9      | Killed Pikel
 10620 | D:9      | Reached skill level 1 in Armour
 10620 | D:9      | Reached XP level 10. HP: 77/79 MP: 10/10
 10727 | D:9      | Noticed Psyche
 10729 | D:9      | Noticed Psyche
 10729 | D:9      | Psyche changed into Psyche the boggart
 10732 | D:9      | Killed Psyche the boggart
 11021 | D:9      | Reached skill level 2 in Armour
 11171 | D:9      | Noticed a soul eater
 11171 | D:9      | Noticed an orange demon
 11179 | D:9      | Noticed an orange demon
 11179 | D:9      | Reached skill level 5 in Maces & Flails
 11197 | D:9      | Reached skill level 8 in Fighting
 11197 | D:9      | Reached skill level 6 in Evocations
 11473 | D:9      | Reached skill level 3 in Armour
 11832 | D:9      | Found a staircase to the Orcish Mines.
 11942 | D:10     | Entered Level 10 of the Dungeon
 11976 | D:9      | Reached skill level 6 in Maces & Flails
 12006 | D:10     | Upgraded the game from 0.26-a0-346-g33516b1736 to
                  | 0.26-a0-362-g1d9a9cd4fa
 12117 | D:10     | Gained mutation: You cannot study or cast Earth magic. [Ru
                  | sacrifice]
 12117 | D:10     | Gained mutation: You cannot study or cast Transmutations
                  | magic. [Ru sacrifice]
 12117 | D:10     | Gained mutation: You cannot study or cast Necromancy magic.
                  | [Ru sacrifice]
 12117 | D:10     | Reached *** piety under Ru
 12491 | D:10     | Noticed Erica
 12513 | D:10     | Killed Erica
 12513 | D:10     | Reached skill level 7 in Maces & Flails
 12513 | D:10     | Reached XP level 11. HP: 83/86 MP: 11/11
 12863 | D:11     | Killed an unseen horror
 13143 | D:11     | Reached skill level 8 in Maces & Flails
 13183 | D:11     | Identified the +4 ring mail "Oporat" {Str+2 Dex+5} (You
                  | found it on level 11 of the Dungeon)
 13246 | D:11     | Noticed a white ugly thing
 13256 | D:11     | Killed a white ugly thing
 13258 | D:11     | Found Aheqa's Assorted Antiques.
 13281 | D:11     | Bought a wand of disintegration (15) for 132 gold pieces
 13281 | D:11     | Bought a scroll labeled WELLAU SEGUSM for 33 gold pieces
 13880 | Lair:1   | Entered Level 1 of the Lair of Beasts
 13945 | Lair:1   | Reached skill level 9 in Maces & Flails
 14301 | Lair:1   | Gained mutation: You are missing a hand. [Ru sacrifice]
 14301 | Lair:1   | Reached **** piety under Ru
 14301 | Lair:1   | Reached ***** piety under Ru
 14594 | Lair:1   | Reached skill level 10 in Maces & Flails
 14606 | Lair:1   | Noticed a six-headed hydra
 14616 | Lair:1   | Killed a six-headed hydra
 15303 | Lair:2   | Noticed a catoblepas
 15313 | Lair:2   | Killed a catoblepas
 15313 | Lair:2   | Reached XP level 12. HP: 92/92 MP: 12/12
 16235 | Lair:3   | Gained mutation: You cannot read scrolls while threatened.
                  | [Ru sacrifice]
 16235 | Lair:3   | Reached ****** piety under Ru
 16237 | Lair:3   | Reached skill level 11 in Maces & Flails
 16237 | Lair:3   | Reached skill level 4 in Armour
 16880 | Lair:3   | Found a staircase to the Swamp.
 17321 | Lair:4   | Noticed a seven-headed hydra
 17334 | Lair:4   | Killed a seven-headed hydra
 17334 | Lair:4   | Reached skill level 5 in Armour
 17370 | Lair:4   | Noticed a four-headed hydra
 17384 | Lair:4   | Killed a four-headed hydra
 17405 | Lair:4   | Reached skill level 6 in Armour
 17669 | Lair:4   | Found a staircase to the Snake Pit.
 17778 | Lair:4   | Found a runed translucent door.
 17778 | Lair:4   | Found a shimmering altar of Xom.
 17778 | Lair:4   | Identified the +4 great mace "Suskiud" {chaos, Str+4}
 17778 | Lair:4   | Noticed Elizilla's ghost (journeyman FoFi)
 18015 | Lair:5   | Gained mutation: You are in touch with the powers of death.
                  | [Mummy growth]
 18015 | Lair:5   | Reached XP level 13. HP: 98/98 MP: 13/13
 18097 | Lair:5   | You fall into a shaft and drop 1 floor!
 18097 | Lair:6   | Entered Level 6 of the Lair of Beasts
 18097 | Lair:6   | Found a dark tunnel.
 18104 | Volcano  | Entered a volcano
 18132 | Volcano  | Reached skill level 7 in Armour
 18331 | Lair:6   | Reached skill level 8 in Armour
 18644 | Lair:6   | Reached skill level 9 in Armour
 18817 | Lair:6   | Reached skill level 3 in Dodging
 19802 | Lair:6   | Reached skill level 12 in Maces & Flails
 19933 | Lair:6   | Reached skill level 4 in Dodging
 19970 | Lair:6   | Learned a level 2 spell: Blink
 20232 | Lair:5   | Found a viscous altar of Jiyva.
 20232 | Lair:5   | Found a staircase to the Slime Pits.
 20519 | Lair:5   | Reached XP level 14. HP: 106/106 MP: 14/14
 20846 | Orc:1    | Entered Level 1 of the Orcish Mines
 21169 | Orc:1    | Reached skill level 9 in Fighting
 21302 | Orc:2    | Entered Level 2 of the Orcish Mines
 21585 | Orc:2    | Found Oppacic's Jewellery Shoppe.
 21641 | Orc:2    | Reached skill level 7 in Evocations
 22059 | Orc:2    | Found a staircase to the Elven Halls.
 22604 | Orc:2    | Found Wirhigo's Antique Armour Boutique.
 22607 | Orc:2    | Found Kajan's Distillery.
 22608 | Orc:2    | Found Wunutoy's Antique Armour Boutique.
 22609 | Orc:2    | Found Ililatat's Assorted Antiques.
 22616 | Orc:2    | Bought a pair of faintly humming gloves for 294 gold pieces
 22616 | Orc:2    | Identified the +0 pair of gloves of Ileufig {rElec rF- rC+}
                  | (You bought it in a shop on level 2 of the Orcish Mines)
 22755 | Orc:1    | Reached skill level 5 in Dodging
 23064 | Orc:2    | Bought the amulet of Vitality {Regen+ HP+15} for 1027 gold
                  | pieces
 23064 | Orc:2    | Found the amulet of Vitality {Regen+ HP+15}
 23372 | D:12     | Found a runed translucent gate.
 23372 | D:12     | Found a runed translucent gate.
 23372 | D:12     | Found a runed translucent gate.
 23380 | D:12     | Noticed Ummyemn's ghost (journeyman DrCj)
 23468 | D:12     | Killed Ummyemn's ghost
 23828 | D:12     | Noticed Jorgrun
 23847 | D:12     | Killed Jorgrun
 24293 | D:13     | Reached skill level 10 in Fighting
 24857 | D:14     | Noticed Josephine
 24876 | D:14     | Killed Josephine
 24876 | D:14     | Reached skill level 8 in Evocations
 25180 | D:14     | Reached skill level 6 in Dodging
 25225 | D:14     | Found a gate to the Vaults.
 25613 | D:14     | Noticed Nessos
 25617 | D:14     | Reached XP level 15. HP: 115/115 MP: 15/15
 25624 | D:14     | Killed Nessos
 25830 | D:15     | Entered Level 15 of the Dungeon
 26309 | D:15     | Found Suonomeg's Antique Armour Shoppe.
 26479 | D:15     | Found a stormy altar of Qazlal.
 26643 | D:15     | Reached skill level 13 in Maces & Flails
 26943 | D:15     | Found a staircase to the Depths.
 26970 | D:15     | Reached skill level 7 in Dodging
 27377 | Lair:5   | Reached skill level 9 in Evocations
 27867 | D:8      | Killed Infinimo's ghost
 28016 | Swamp:1  | Entered Level 1 of the Swamp
 29267 | Swamp:2  | Identified a scroll of acquirement
 29268 | Swamp:2  | Acquired a manual of Armour
 29957 | Swamp:3  | Found a transporter.
 29958 | Swamp:3  | Noticed Napalmbreeze's ghost (adept FoFi)
 29959 | Swamp:3  | Found a transporter.
 30052 | Swamp:3  | Noticed a thorn hunter
 30649 | Swamp:3  | Killed a thorn hunter
 30981 | Swamp:3  | Reached XP level 16. HP: 79/123 MP: 16/16
 31217 | Swamp:4  | Entered Level 4 of the Swamp
 31327 | Swamp:3  | Reached skill level 10 in Evocations
 31340 | Swamp:3  | Killed Napalmbreeze's ghost
 31546 | Swamp:4  | Reached skill level 10 in Armour
 31965 | Swamp:4  | Noticed a thorn hunter
 31991 | Swamp:4  | Killed a thorn hunter
 32187 | Swamp:4  | Reached skill level 11 in Fighting
 32255 | Swamp:4  | Noticed a thorn hunter
 32268 | Swamp:4  | Killed a thorn hunter
 32268 | Swamp:4  | Reached skill level 11 in Armour
 32301 | Swamp:4  | Got a decaying rune of Zot
 33006 | Snake:1  | Entered Level 1 of the Snake Pit
 33265 | Snake:1  | Found a hide-covered altar of Uskayaw.
 33283 | Snake:1  | Found Seosh's General Store.
 33349 | Snake:1  | Reached skill level 12 in Armour
 33372 | Snake:1  | Reached skill level 12 in Fighting
 33990 | Snake:1  | Found Hyqeelic's Jewellery Shop.
 33991 | Snake:1  | Found Mippasu's Gadget Shoppe.
 33991 | Snake:1  | Found Anki's Gadget Shoppe.
 34001 | Snake:1  | Bought a wand of disintegration (12) for 192 gold pieces
 34320 | Snake:1  | Reached skill level 13 in Fighting
 34959 | Snake:2  | Reached XP level 17. HP: 135/136 MP: 17/17
 35294 | Snake:2  | Noticed Aizul
 35346 | Snake:2  | Killed Aizul
 35538 | Snake:2  | Noticed Roxanne
 35877 | Snake:3  | Reached skill level 14 in Fighting
 36749 | Snake:4  | Entered Level 4 of the Snake Pit
 36961 | Snake:4  | Noticed Vashnia
 36973 | Snake:4  | Killed Vashnia
 37816 | Snake:4  | Reached skill level 8 in Dodging
 38609 | Snake:4  | Reached skill level 13 in Armour
 38631 | Snake:4  | Reached XP level 18. HP: 95/148 MP: 15/18
 38826 | Snake:4  | Reached skill level 15 in Fighting
 39127 | Snake:4  | Reached skill level 9 in Dodging
 39216 | Snake:4  | Got a serpentine rune of Zot
 39499 | Elf:1    | Entered Level 1 of the Elven Halls
 39933 | Elf:1    | Found a runed translucent door.
 39937 | Elf:1    | Noticed ifreund's ghost (adept FoFi)
 40050 | Elf:1    | Killed ifreund's ghost
 40157 | Elf:1    | Got an ancient ivory ring
 40158 | Elf:1    | Identified the ring "Qus Lad" {Fire +Blink +Inv MR+} (You
                  | found it on level 1 of the Elven Halls)
 40811 | Elf:1    | Reached skill level 10 in Dodging
 41144 | Elf:2    | Reached skill level 14 in Armour
 41365 | Elf:2    | Found a runed translucent gate.
 41365 | Elf:2    | Found a runed translucent gate.
 41365 | Elf:2    | Found a runed translucent gate.
 41470 | Elf:2    | Found Jesal's Weapon Emporium.
 41666 | Elf:2    | Found Jats's Book Shop.
 42304 | Elf:2    | Reached XP level 19. HP: 155/155 MP: 19/19
 42412 | Elf:2    | Reached skill level 15 in Armour
 42537 | Elf:3    | Entered Level 3 of the Elven Halls
 43077 | Elf:3    | Found Oracurph's Magic Scroll Boutique.
 43344 | Elf:3    | Found a shimmering blue altar of Sif Muna.
 43431 | Elf:3    | Found Tisanieg's Assorted Antiques.
 43436 | Elf:3    | Found Xucyji Soekh's Distillery.
 45176 | Elf:3    | Found Xucyji Soekh's Distillery.
 45192 | Elf:3    | Found Oracurph's Magic Scroll Boutique.
 45320 | Elf:3    | Found Tisanieg's Assorted Antiques.
 45500 | Elf:3    | Found a shimmering blue altar of Sif Muna.
 45901 | Elf:3    | Identified the +5 hand axe of Uqim {vorpal, rElec Str+3
                  | Stlth+}
 45902 | Elf:3    | Identified the +4 scimitar "Zecverch" {flame, MR+}
 45952 | Elf:3    | Identified the cursed +3 falchion of Guilt {vorpal, Dex+4}
 45980 | Elf:3    | Identified Sif Muna's Guide on Curses and the Escort
 46079 | Elf:3    | Identified the +4 chain mail of Nemelex Xobeh's Whim {Str+3
                  | Int+6 Stlth+} (You found it on level 3 of the Elven Halls)
 46385 | Vaults:1 | Entered Level 1 of the Vaults
 46811 | Vaults:1 | Reached skill level 11 in Evocations
 48075 | Vaults:1 | Reached skill level 16 in Fighting
 48349 | Vaults:2 | Reached XP level 20. HP: 126/164 MP: 20/20
 49032 | Vaults:2 | Found a staircase to the Crypt.
 49032 | Vaults:2 | Found an ancient bone altar of Kikubaaqudgha.
 49033 | Vaults:2 | Found a basalt altar of Yredelemnul.
 49371 | Vaults:2 | Found Zebaur's Antique Armour Emporium.
 49985 | Vaults:2 | Noticed Margery
 50009 | Vaults:2 | Killed Margery
 50190 | Vaults:2 | Reached skill level 16 in Armour
 51269 | Vaults:3 | Reached skill level 12 in Evocations
 52630 | Vaults:4 | Reached skill level 17 in Fighting
 52927 | Vaults:4 | Reached XP level 21. HP: 132/174 MP: 21/21
 53310 | Vaults:4 | Found the +5 demon whip "Spellbinder" {antimagic, MR+}
 54031 | Depths:1 | Entered Level 1 of the Depths
 54055 | Depths:1 | Noticed Mara
 54084 | Depths:1 | Noticed EnegeticOcto's illusion
 54147 | Depths:1 | Killed Mara
 54725 | Depths:1 | Found a one-way gate leading to the halls of Pandemonium.
 54752 | Depths:1 | Noticed Nikola
 54770 | Depths:1 | Killed Nikola
 54770 | Depths:1 | Reached skill level 13 in Evocations
 55184 | Depths:1 | Noticed Saint Roka
 55222 | Depths:1 | Killed Saint Roka
 55222 | Depths:1 | Reached skill level 17 in Armour
 55366 | Depths:1 | Found a gateway to Hell.
 55845 | Depths:2 | Found a burning altar of Makhleb.
 56018 | Depths:2 | Reached skill level 18 in Fighting
 56090 | Depths:2 | Found a gateway to a ziggurat.
 56371 | Depths:2 | Reached XP level 22. HP: 165/184 MP: 22/22
 56583 | Depths:2 | Noticed a juggernaut
 56603 | Depths:2 | Killed a juggernaut
 56709 | Depths:2 | Noticed a golden dragon
 56718 | Depths:2 | Killed a golden dragon
 57013 | Depths:2 | Noticed a juggernaut
 57035 | Depths:2 | Killed a juggernaut
 57226 | Depths:2 | Identified the Reference Book on Enchanting Flames
 57229 | Depths:2 | Got a brightly glowing ivory amulet
 57230 | Depths:2 | Identified the amulet "Noihumm" {Reflect rC+ Int+4 SH+5
                  | Stlth+} (You found it on level 2 of the Depths)
 57233 | Depths:2 | Got a fine tin ring
 57234 | Depths:2 | Identified the ring of Isousun {rPois rN++ SInv} (You found
                  | it on level 2 of the Depths)
 57237 | Depths:2 | Got a sparkling bone ring
 57238 | Depths:2 | Identified the ring of Adejuosath {rElec rPois rF+} (You
                  | found it on level 2 of the Depths)
 57402 | Depths:2 | Reached skill level 14 in Evocations
 57614 | Depths:2 | Identified the +5 dagger of Mastery {vorpal, +Rage MR+}
 57633 | Depths:2 | Noticed a golden dragon
 57648 | Depths:2 | Killed a golden dragon
 57898 | Depths:2 | Found the +8 frozen axe "Frostbite" {freezing cloud, *Noise
                  | +Fly rC+}
 57971 | Depths:2 | Found a runed translucent door.
 57972 | Depths:2 | Found a runed translucent door.
 57972 | Depths:2 | Found a runed translucent door.
 58410 | Depths:2 | Found a runed translucent door.
 58410 | Depths:2 | Found a runed translucent door.
 58745 | Depths:3 | Found a runed translucent door.
 59089 | Depths:3 | Noticed Goddom's ghost (veteran GnWz)
 59089 | Depths:3 | Noticed a caustic shrike
 59386 | Depths:3 | Found a one-way gate to the infinite horrors of the Abyss.
 59397 | Depths:3 | Noticed Sojobo
 59423 | Depths:3 | Killed Sojobo
 59423 | Depths:3 | Reached skill level 19 in Fighting
 59423 | Depths:3 | Reached skill level 18 in Armour
 59465 | Depths:3 | Reached XP level 23. HP: 154/194 MP: 23/23
 59928 | Depths:3 | Noticed a greater mummy
 59952 | Depths:3 | Killed a greater mummy
 60429 | Depths:4 | Paralysed by a floating eye for 4 turns
 60489 | Depths:4 | Paralysed by a floating eye for 2 turns
 60591 | Depths:4 | Identified the cursed +0 chain mail of the Seven Leylines
                  | {rElec Regen+ Str+2 Dex+2} (You found it on level 4 of the
                  | Depths)
 60630 | Depths:4 | Noticed a caustic shrike
 60630 | Depths:4 | an iron dragon changed into a caustic shrike
 60636 | Depths:4 | Killed a caustic shrike
 60915 | Depths:4 | Reached skill level 15 in Evocations
 62053 | Depths:5 | Entered Level 5 of the Depths
 62324 | Depths:5 | Noticed a juggernaut
 62346 | Depths:5 | Killed a juggernaut
 62469 | Depths:5 | Found a shimmering altar of Xom.
 62606 | Depths:5 | Found a gate to the Realm of Zot.
 62616 | Depths:5 | Reached skill level 20 in Fighting
 62906 | Depths:5 | Found a runed translucent gate.
 62906 | Depths:5 | Found a runed translucent gate.
 62956 | Depths:5 | Found a runed translucent gate.
 63125 | Depths:5 | Found an opulent altar of Gozag.
 63125 | Depths:5 | Noticed a juggernaut
 63126 | Depths:5 | Noticed a juggernaut
 63127 | Depths:5 | Noticed Fylyssy's ghost (master KoEn)
 63841 | Snake:1  | Bought the ring "Pir Cecw" {rF+ rCorr} for 612 gold pieces
 63843 | Snake:1  | Bought a wand of acid (7) for 264 gold pieces
 63847 | Snake:1  | Bought a wand of clouds (5) for 351 gold pieces
 63847 | Snake:1  | Bought a box of beasts for 260 gold pieces
 63847 | Snake:1  | Bought a box of beasts for 260 gold pieces
 63941 | Slime:1  | Entered Level 1 of the Pits of Slime
 64319 | Slime:1  | Reached skill level 19 in Armour
 64319 | Slime:1  | Reached XP level 24. HP: 146/204 MP: 23/23
 64931 | Slime:5  | Entered Level 5 of the Pits of Slime
 65774 | Slime:5  | Found a viscous altar of Jiyva.
 65775 | Slime:5  | Noticed the Royal Jelly
 65791 | Slime:5  | Killed the Royal Jelly
 65911 | Slime:5  | Identified the +6 demon whip "Nacimasch" {freeze, *Corrode
                  | +Rage MR- Str+10} (You found it on level 5 of the Pits of
                  | Slime)
 65913 | Slime:5  | Got a slimy rune of Zot
 65915 | Slime:5  | Identified the cursed ring "Gaisamnu" {Str+4 Slay-4} (You
                  | found it on level 5 of the Pits of Slime)
 66004 | Slime:5  | Identified the +8 longbow of Fragile Peace {freeze, Fragile
                  | rN+ MR++ Int+3} (You found it on level 5 of the Pits of
                  | Slime)
 66012 | Slime:5  | Identified the +5 triple sword of Sequestration {flame, MR+
                  | MP+9 Int+2 Dex+4} (You found it on level 5 of the Pits of
                  | Slime)
 66020 | Slime:5  | Identified the cursed +2 glaive of Sunlight {flame, *Drain
                  | rElec Dex+5} (You found it on level 5 of the Pits of Slime)
 66022 | Slime:5  | Identified the +7 short sword "Fuec" {vamp, SInv} (You
                  | found it on level 5 of the Pits of Slime)
 66545 | Vaults:5 | Entered Level 5 of the Vaults
 66562 | Vaults:5 | Noticed Bai Suzhen
 66601 | Vaults:5 | Killed Bai Suzhen
 67671 | Vaults:5 | Identified the +6 flail "Symuh" {vorpal, *Drain rC+ MR+++
                  | Dex+2}
 67695 | Vaults:5 | Noticed an ancient lich
 67711 | Vaults:5 | Reached skill level 21 in Fighting
 67734 | Vaults:5 | Killed an ancient lich
 68161 | Vaults:5 | Acquired the +6 eveningstar of the Eleven Bones {venom, rC+
                  | Stlth+}
 68725 | Vaults:5 | Reached XP level 25. HP: 214/214 MP: 23/23
 68804 | Vaults:5 | Found Vatoebb's Weapon Shoppe.
 68853 | Vaults:5 | Reached skill level 14 in Maces & Flails
 69137 | Vaults:5 | Found Waefousoa's Magic Scroll Boutique.
 69137 | Vaults:5 | Found Xeall's Magic Scroll Shoppe.
 69141 | Vaults:5 | Found Mipnodig's Jewellery Shoppe.
 69213 | Vaults:5 | Found Qitwaabo's Antique Armour Shoppe.
 69357 | Vaults:5 | Got a silver rune of Zot
 69639 | Vaults:5 | Bought a scroll of teleportation for 45 gold pieces
 69639 | Vaults:5 | Bought a scroll of vulnerability for 112 gold pieces
 69639 | Vaults:5 | Bought a scroll of fog for 30 gold pieces
 69645 | Vaults:5 | Bought a scroll of teleportation for 63 gold pieces
 69645 | Vaults:5 | Bought a scroll of blinking for 157 gold pieces
 69652 | Vaults:5 | Bought a scroll of brand weapon for 420 gold pieces
 69748 | Crypt:1  | Entered Level 1 of the Crypt
 69884 | Crypt:1  | Reached skill level 11 in Dodging
 70533 | Crypt:1  | Found a basalt altar of Yredelemnul.
 70699 | Crypt:1  | Identified the Reference Book on Cold and Lightness
 70827 | Crypt:1  | Reached skill level 20 in Armour
 71061 | Crypt:1  | Noticed a greater mummy
 71063 | Crypt:1  | Noticed Khufu
 71064 | Crypt:1  | Noticed a greater mummy
 71081 | Crypt:1  | Killed a greater mummy
 71105 | Crypt:1  | Killed a greater mummy
 71112 | Crypt:1  | Killed Khufu
 72230 | Crypt:2  | Reached skill level 16 in Evocations
 72690 | Crypt:3  | Entered Level 3 of the Crypt
 72722 | Crypt:3  | Gained mutation: You are strongly in touch with the powers
                  | of death. [Mummy growth]
 72722 | Crypt:3  | Reached XP level 26. HP: 187/224 MP: 23/23
 73236 | Crypt:3  | Found an ancient bone altar of Kikubaaqudgha.
 73239 | Crypt:3  | Found a basalt altar of Yredelemnul.
 73287 | Crypt:3  | Identified the Grimoire of the Inquisitive Underlurkers
 73294 | Crypt:3  | Identified the cursed +1 triple sword "Hacvaf" {antimagic,
                  | +Inv Int+5} (You found it on level 3 of the Crypt)
 73328 | Crypt:3  | Reached skill level 12 in Dodging
 73437 | Crypt:3  | Found a transporter.
 73437 | Crypt:3  | Noticed Util's ghost (veteran MiBe)
 73437 | Crypt:3  | Noticed an ancient lich
 73664 | Crypt:3  | Found the +7 Singing Sword {vorpal, sonic wave}
 73711 | Crypt:3  | Found a transporter.
 73894 | Crypt:3  | Found a staircase to the Tomb.
 73935 | Crypt:3  | Reached skill level 22 in Fighting
 74463 | Zot:1    | Entered Level 1 of the Realm of Zot
 74651 | Zot:1    | Reached skill level 15 in Maces & Flails
 75721 | Zot:1    | You fall into a shaft and drop 1 floor!
 76895 | Zot:1    | Reached XP level 27. HP: 232/232 MP: 23/23
 77279 | Zot:3    | Noticed an orb of fire
 77303 | Zot:4    | Killed an orb of fire
 77406 | Zot:5    | Entered Level 5 of the Realm of Zot
 77687 | Zot:4    | Noticed an orb of fire
 77704 | Zot:4    | Found a radiant altar of Vehumet.
 77708 | Zot:4    | Found a transporter.
 77711 | Zot:4    | Noticed an orb of fire
 77768 | Zot:4    | Reached skill level 13 in Dodging
 77867 | Zot:4    | Noticed an ancient lich
 78125 | Zot:4    | Reached skill level 17 in Evocations
 78666 | Zot:4    | Killed an orb of fire
 78676 | Zot:4    | Killed an ancient lich
 78719 | Zot:4    | Killed an orb of fire
 78719 | Zot:4    | Reached skill level 21 in Armour
 78947 | Zot:4    | Identified the +0 pair of gloves of the Fisher {rF+ MR+}
                  | (You found it on level 4 of the Realm of Zot)
 78990 | Zot:4    | Found a transporter.
 80069 | Zot:3    | Reached skill level 23 in Fighting
 81146 | Zot:5    | Reached skill level 14 in Dodging
 81759 | Zot:5    | Noticed an orb of fire
 81814 | Zot:5    | Noticed an orb of fire
 81891 | Zot:5    | Noticed an orb of fire
 81905 | Zot:5    | Killed an orb of fire
 81927 | Zot:5    | Killed an orb of fire
 81927 | Zot:5    | Reached skill level 1 in Spellcasting
 82191 | Zot:5    | Reached skill level 2 in Spellcasting
 82416 | Zot:5    | Noticed an ancient lich
 82445 | Zot:5    | Killed an orb of fire
 82445 | Zot:5    | Reached skill level 3 in Spellcasting
 82458 | Zot:5    | Noticed an ancient lich
 82487 | Zot:5    | Killed an ancient lich
 82505 | Zot:5    | Killed an ancient lich
 82505 | Zot:5    | Reached skill level 4 in Spellcasting
 82734 | Zot:5    | Noticed an ancient lich
 82761 | Zot:5    | Killed an ancient lich
 82796 | Zot:5    | Reached skill level 22 in Armour
 82966 | Zot:5    | Noticed an ancient lich
 82986 | Zot:5    | Killed an ancient lich
 82986 | Zot:5    | Reached skill level 18 in Evocations
 83934 | Zot:5    | Noticed an ancient lich
 83959 | Zot:5    | Killed an ancient lich
 84017 | Zot:5    | Reached skill level 24 in Fighting
 84171 | Zot:5    | Noticed an ancient lich
 84172 | Zot:5    | Noticed an orb of fire
 84181 | Zot:5    | Killed an ancient lich
 84200 | Zot:5    | Noticed an ancient lich
 84201 | Zot:5    | Killed an orb of fire
 84231 | Zot:5    | Killed an ancient lich
 84565 | Zot:5    | Got the Orb of Zot
 84938 | D:13     | Noticed Boxkyink the pandemonium lord
 85209 | D:$      | Escaped with the Orb!

Illustrated notes

Levels and vault maps discovered:
D:1:      minmay_arrival_open_corners, layout_basic
D:2:      layout_basic
D:3:      layout_loops_ring
D:4:      corexii_shantytown, layout_basic, gup_sewer_entry_pipe, serial_undead,
          serial_undead_c, serial_undead_a, serial_undead_d, serial_undead_b
D:5:      layout_basic, enter_ossuary_1, minmay_misc_feat_diagonals,
          uniq_duvessa
D:6:      layout_loops_ring, chequers_temple_overflow_statue_of_worship,
          serial_shops, nicolae_shop_overgrown_old_shop, minmay_fire_ice_demons,
          uniq_edmund
D:7:      layout_cave_pools, grunt_temple_overflow_open,
          minmay_temple_entry_ruins, nemelex_diamond_rough_becter
D:8:      layout_loops_cross, gammafunk_ghost_spectres, enter_bailey_3,
          st_stairs_8, nicolae_ru_sacrificial_ziggurat
D:9:      layout_basic, lair_entry_dummy, orc_0_dummy, special_room
          [special_room_kobold], uniq_psyche, uniq_pikel
D:10:     layout_irregular_city, uniq_erica
D:11:     layout_loops_ring, serial_shops, shop, hangedman_decor_push,
          grunt_ministairs_3, hangedman_little_slice_of_home
D:12:     layout_roguey, maelrawn_ghost_gauntlet_escape, uniq_jorgrun
D:13:     layout_grid_maze
D:14:     layout_stronghold, david_vaults_2, minmay_misc_feat_alley,
          uniq_nessos, uniq_josephine
D:15:     grunt_enter_depths_magical_seal, layout_long_grid, serial_shops, shop,
          hangedman_abyss_or_decor_passed, grunt_qazlal_clouds
Temple:   dpeg_five_rooms_temple
Lair:1:   layout_hall_layers
Lair:2:   layout_cave_pods, minmay_hedge_maze, grunt_forest_stairs_basic,
          grunt_megastairs_3, serial_bayou_shore_b, lemuel_fruit_tree
Lair:3:   layout_chaotic_city, swamp_mist, columned_hall_lemuel
Lair:4:   layout_misc_corridors, minmay_snake_entry_six_corridors,
          ebering_ghost_xom
Lair:5:   layout_gridlike, dpeg_slime_entry_enclosed_altar,
          serial_bayou_crossing, lemuel_fruit_fields, minmay_lair_oklob_chamber,
          infiniplex_staircase_pool
Lair:6:   grunt_lair_end_beastmaster, layout_cave_pods,
          nicolae_volcano_entry_hallway, serial_bayou_shore_a
Swamp:1:  layout_basic_swamp, serial_swamp_ruin, evilmike_swamp_ruin_house_3,
          evilmike_swamp_ruin_house_5, swamp_pool1
Swamp:2:  nicolae_swamp_phyte_club, layout_falls_marsh,
          evilmike_swamp_ruin_house_4, swamp_pool3, infiniplex_staircase_pool_2
Swamp:3:  cheibrodos_swamp_tower_of_moss, layout_falls_marsh,
          gammafunk_ghost_arena, evilmike_swamp_ruin_rubble_2
Swamp:4:  swamp, layout_basic_swamp, swamp_pool1
Snake:1:  layout_onion, serial_shops, nicolae_shop_behind_doors, basic_altar,
          hangedman_snake_corridor_split, grunt_megastairs_2, minmay_shop_grove
Snake:2:  layout_basic, st_stairs_10, uniq_aizul, uniq_roxanne
Snake:3:  layout_onion_interference, st_stairs_14
Snake:4:  grunt_snake_rune_serpentine_throne, layout_cave_town, st_stairs_1,
          uniq_vashnia
Slime:1:  cheibrodos_slime_lost_civilization_3, layout_caves
Slime:2:  layout_caves
Slime:3:  layout_caves
Slime:4:  layout_caves
Slime:5
Orc:1:    layout_caves
Orc:2:    st_orc_pillars, layout_caves, serial_shops, shop
Elf:1:    minmay_elf_arrival_circle, layout_gridlike,
          ebering_ghost_reflecting_pool, hangedman_elf_represent
Elf:2:    layout_loops_cross, serial_shops, shop, shop
Elf:3:    minmay_elf_hall_dome, layout_gridlike, serial_shops, shop,
          basic_altar, minmay_shop_star
Vaults:1: nicolae_vaults_inception_scallops, ontoclasm_vaults_shuriken,
          nicolae_vaults_alarming, grunt_vaults_swirl, ontoclasm_vaults_chip,
          layout_vaults_omnigrid
Vaults:2: v_misc_9, v_misc_32, nicolae_vaults_twisting_passages, v_misc_19,
          minmay_crypt_entry_necro_gods, grunt_vaults_hallway_long, v_misc_16,
          hangedman_vaults_stream, vaults_mumra_chevron_long, serial_ice_g,
          vaults_room_fancy_cross, v_misc_29, vaults_dpeg_diagonal,
          nicolae_vaults_disjoint_gnomons, vaults_room_grid,
          grunt_vaults_diagonal, layout_vaults_omnibox, serial_shops, shop,
          uniq_margery
Vaults:3: v_misc_16, nicolae_vaults_windows_and_doors_thing,
          hangedman_vaults_stagger, v_misc_1, v_misc_12, grunt_vaults_bifocal,
          v_misc_33, hangedman_vaults_nails, vaults_room_pool,
          nicolae_vaults_little_squares_3, v_misc_24, layout_vaults_ring
Vaults:4: ontoclasm_vaults_claustrophobia, v_misc_9,
          vaults_room_hangedman_quadrants, nicolae_vaults_rhombus_6, v_misc_27,
          layout_vaults_omnicross
Vaults:5: serial_shops, uniq_bai_suzhen
Crypt:1:  gammafunk_crypt_yreds_forest, layout_misc_corridors, uniq_khufu
Crypt:2:  cheibrodos_crypt_draghalla, layout_chaotic_city
Crypt:3:  lightli_unholy_cathedral, layout_chaotic_city,
          tomb_entry_forgotten_bobbens, gammafunk_ghost_arena
Depths:1: layout_basic, roderic_serpentine_path, rand_demon_pan_entry_1,
          grunt_hell_entry_dis_grunt, serial_bayou_shore_b, uniq_nikola,
          uniq_saint_roka, uniq_mara
Depths:2: minmay_the_grid_ultimate [minmay_the_grid_prize_shrinking_boxes,
          minmay_the_grid_prize_four_corners, minmay_the_grid_prize_diamond_cup,
          minmay_the_grid_prize_trominoes, minmay_the_grid_square_5x5_trominoes,
          minmay_the_grid_square_5x5_slash,
          minmay_the_grid_square_5x5_gyroscope,
          minmay_the_grid_square_5x5_corner,
          minmay_the_grid_square_5x5_fancy_junction,
          minmay_the_grid_square_5x5_hourglass,
          minmay_the_grid_square_5x5_fat_x,
          minmay_the_grid_square_5x5_inverted_slash,
          minmay_the_grid_square_5x5_doubleslash,
          minmay_the_grid_square_5x5_almost_minimal,
          minmay_the_grid_square_5x5_minivault, minmay_the_grid_square_5x5_two,
          minmay_the_grid_square_5x5_bracketed, minmay_the_grid_square_5x5_n,
          minmay_the_grid_square_5x5_shrine2,
          minmay_the_grid_triangle_9x9_intruding_spiral,
          minmay_the_grid_triangle_9x9_dagger,
          minmay_the_grid_triangle_9x9_fully_insulated_deathbox,
          minmay_the_grid_triangle_9x9_empty,
          minmay_the_grid_triangle_9x9_sprig,
          minmay_the_grid_triangle_9x9_skeleton,
          minmay_the_grid_triangle_9x9_corrupted_corridor,
          minmay_the_grid_triangle_9x9_thin_v,
          minmay_the_grid_triangle_9x9_from_above,
          minmay_the_grid_triangle_9x9_wacky_v,
          minmay_the_grid_triangle_9x9_shrine,
          minmay_the_grid_triangle_9x9_pentomino_pain,
          minmay_the_grid_triangle_9x9_flanged_cone,
          minmay_the_grid_triangle_9x9_semitri,
          minmay_the_grid_triangle_9x9_longest,
          minmay_the_grid_triangle_9x9_tough_junction,
          minmay_the_grid_square_5x5_detours, minmay_the_grid_octo_horde,
          minmay_the_grid_octo_thin_diamonds, minmay_the_grid_octo_toaster,
          minmay_the_grid_octo_chip, minmay_the_grid_octo_empty,
          minmay_the_grid_octo_77, minmay_the_grid_octo_empty,
          minmay_the_grid_octo_pinwheel, minmay_the_grid_mess,
          minmay_the_grid_x, minmay_the_grid_broken_lines,
          minmay_the_grid_paths], pan_entry, hell_entry
Depths:3: lemuel_minitomb, layout_twisted_cross, abyss_entry,
          hangedman_coc_ice_floe, rand_demon_pan_entry_3, minivault_14,
          ebering_ghost_inner_flame, uniq_sojobo
Depths:4: radiant_caverns_a_rkd, abyss_entry, serial_shops, hell_entry
Depths:5: grunt_zot_entry_alcove, layout_gridlike, hell_entry, pan_entry,
          minmay_misc_feat_square, ebering_ghost_gozag, lemuel_statue_altar
Zot:1:    layout_gridlike, grunt_megastairs_1
Zot:2:    layout_misc_corridors
Zot:3:    layout_gridlike, grunt_ministairs_15
Zot:4:    gammafunk_sealed_library, layout_misc_corridors
Zot:5:    layout_misc_corridors, hangedman_zot_decor_scrapings, st_stairs_5

Skill      XL: |  1  2  3  4  5  6  7  8  9 10 11 12 13 14 15 16 17 18 19 20 21 22 23 24 25 26 27 |
---------------+----------------------------------------------------------------------------------+-----
Axes           | 4 3 |  3.9
Slings         | 1 2 3 |  3.9
Fighting       | 5 6 8 7 8 10 13 14 15 16 17 18 19 20 21 22 24 | 24.3
Evocations     | 3 5 6 8 9 10 11 12 13 14 15 16 18 | 18.0
Dodging        | 3 2 4 6 7 8 10 11 12 14 | 14.1
Maces & Flails | 2 4 7 10 11 12 13 14 15 | 15.8
Throwing       | 0 |  0.8
Armour         | 1 3 6 9 12 13 14 15 16 17 18 19 20 22 | 22.8
Stealth        | 0 |  0.8
Spellcasting   | 4 |  4.0

Action                   |  1- 3 |  4- 6 |  7- 9 | 10-12 | 13-15 | 16-18 | 19-21 | 22-24 | 25-27 || total
-------------------------+-------+-------+-------+-------+-------+-------+-------+-------+-------++-------
Melee: Hand axe          |    91 |   220 |   262 |       |       |       |       |       |       ||   573
       Flail             |       |       |   118 |   582 |  1958 |  2059 |   995 |       |       ||  5712
       Dire flail        |       |       |    52 |   507 |       |       |       |       |       ||   559
       Demon whip        |       |       |       |       |       |       |  1624 |  2678 |  3801 ||  8103
       Eveningstar       |       |       |       |       |       |       |       |    33 |     3 ||    36
 Fire: Hunting sling     |     9 |    85 |   197 |    59 |    80 |    15 |       |       |       ||   445
Throw: Dart              |       |     7 |     6 |    11 |     9 |     1 |     4 |     2 |     5 ||    45
       Boomerang         |       |       |       |       |       |       |       |     3 |    21 ||    24
Invok: Sacrifice Skill   |       |       |     1 |       |       |       |       |       |       ||     1
       Sacrifice Arcana  |       |       |       |     1 |       |       |       |       |       ||     1
       Apocalypse        |       |       |       |     3 |     4 |     6 |     1 |     3 |    10 ||    27
       Draw Out Power    |       |       |       |     2 |     9 |     4 |     5 |    11 |     8 ||    39
       Sacrifice a Hand  |       |       |       |     1 |       |       |       |       |       ||     1
       Sacrifice Words   |       |       |       |     1 |       |       |       |       |       ||     1
       Power Leap        |       |       |       |       |     2 |     7 |     6 |     2 |     1 ||    18
 Abil: Evoke Invisibilit |       |       |     5 |       |       |     1 |     3 |       |       ||     9
       Stop Flying       |       |       |       |       |       |       |       |     2 |       ||     2
       Evoke Flight      |       |       |       |       |       |       |       |     1 |       ||     1
       Evoke Blink       |       |       |       |       |       |       |       |       |    12 ||    12
Evoke: Wand              |       |     2 |       |     5 |    19 |    26 |     7 |    27 |    49 ||   135
       Tin of tremorston |       |       |       |     1 |     6 |    11 |    12 |    16 |    13 ||    59
       Lightning rod     |       |       |       |       |    10 |    12 |     3 |     4 |     7 ||    36
       Box of beasts     |       |       |       |       |       |       |       |     4 |     3 ||     7
       Phantom mirror    |       |       |       |       |       |       |       |       |     4 ||     4
  Use: Scroll            |     2 |     3 |    12 |     9 |    18 |     5 |    13 |    17 |    19 ||    98
 Stab: Distracted        |       |       |       |     3 |     8 |     6 |    13 |     8 |    27 ||    65
       Invisible         |       |       |       |     2 |    23 |    32 |    28 |    16 |    36 ||   137
       Paralysed         |       |       |       |    13 |    36 |    23 |    17 |    24 |    48 ||   161
       Petrified         |       |       |       |       |     5 |       |       |       |       ||     5
       Confused          |       |       |       |       |       |       |       |       |     1 ||     1
Armor: Ring mail         |    43 |   102 |   100 |       |       |       |       |       |       ||   245
       Scale mail        |       |       |   115 |       |       |       |       |       |       ||   115
       Gold dragon scale |       |       |    39 |   955 |  1420 |  1484 |  1341 |  1576 |  2213 ||  9028
       Crystal plate arm |       |       |     5 |       |       |       |       |       |       ||     5
Dodge: Dodged            |    50 |   116 |   222 |   180 |   501 |   599 |   563 |   576 |  1036 ||  3843

Table legend:
 A = Non-vault XP
 B = Vault XP
 C = Vault XP percentage of total XP
 D = Non-vault monster count
 E = Vault monster count
 F = Vault count percentage of total count
                 A         B        C        D         E       F
            +---------+---------+-------+---------+---------+-------
      Total |  862531 | 1073496 |  55.4 |    1549 |    1126 |  42.1
            +---------+---------+-------+---------+---------+-------
        D:1 |      60 |       0 |   0.0 |      30 |       0 |   0.0
        D:2 |      87 |       0 |   0.0 |      16 |       0 |   0.0
        D:3 |     131 |       0 |   0.0 |      13 |       0 |   0.0
        D:4 |     422 |     182 |  30.1 |      13 |      42 |  76.4
        D:5 |     640 |     232 |  26.6 |      13 |       2 |  13.3
        D:6 |     233 |     225 |  49.1 |       6 |       3 |  33.3
        D:7 |    1183 |       0 |   0.0 |      21 |       0 |   0.0
        D:8 |     402 |    1736 |  81.2 |      16 |      10 |  38.5
        D:9 |    2228 |    1915 |  46.2 |      32 |      20 |  38.5
       D:10 |    1611 |     907 |  36.0 |      21 |       1 |   4.5
       D:11 |    3056 |     572 |  15.8 |      25 |      14 |  35.9
       D:12 |    3440 |    5829 |  62.9 |      27 |       7 |  20.6
       D:13 |    4964 |       0 |   0.0 |      28 |       0 |   0.0
       D:14 |    7864 |    5138 |  39.5 |      31 |      10 |  24.4
       D:15 |    8114 |    7083 |  46.6 |      21 |      12 |  36.4
     Lair:1 |    5745 |       0 |   0.0 |      22 |       0 |   0.0
     Lair:2 |    5038 |     352 |   6.5 |      25 |       3 |  10.7
     Lair:3 |    5621 |       0 |   0.0 |      26 |       0 |   0.0
     Lair:4 |    4780 |    1273 |  21.0 |      16 |      16 |  50.0
     Lair:5 |    2454 |    2657 |  52.0 |      12 |       6 |  33.3
     Lair:6 |   12128 |    8056 |  39.9 |      36 |      18 |  33.3
    Swamp:1 |    8054 |       0 |   0.0 |      24 |       0 |   0.0
    Swamp:2 |    2992 |       0 |   0.0 |      12 |       0 |   0.0
    Swamp:3 |   13492 |    9186 |  40.5 |      40 |      10 |  20.0
    Swamp:4 |   10505 |   14870 |  58.6 |      33 |      21 |  38.9
    Snake:1 |   18779 |    9771 |  34.2 |      40 |      22 |  35.5
    Snake:2 |   11756 |    2581 |  18.0 |      24 |       3 |  11.1
    Snake:3 |   10060 |    1832 |  15.4 |      22 |       1 |   4.3
    Snake:4 |   17743 |   50997 |  74.2 |      32 |      67 |  67.7
    Slime:1 |    7606 |       0 |   0.0 |      17 |       0 |   0.0
    Slime:2 |   15661 |       0 |   0.0 |      30 |       0 |   0.0
    Slime:3 |    4674 |       0 |   0.0 |       9 |       0 |   0.0
    Slime:4 |    8908 |       0 |   0.0 |       6 |       0 |   0.0
    Slime:5 |    2421 |   29400 |  92.4 |      10 |      12 |  54.5
      Orc:1 |    4928 |       0 |   0.0 |      59 |       0 |   0.0
      Orc:2 |    2346 |   11016 |  82.4 |      15 |      63 |  80.8
      Elf:1 |   21516 |    9302 |  30.2 |      35 |      11 |  23.9
      Elf:2 |   15726 |   23404 |  59.8 |      29 |      31 |  51.7
      Elf:3 |   11344 |   39090 |  77.5 |      19 |      29 |  60.4
   Vaults:1 |   28790 |   11395 |  28.4 |      64 |      19 |  22.9
   Vaults:2 |   10942 |   29293 |  72.8 |      26 |      43 |  62.3
   Vaults:3 |   35387 |   17798 |  33.5 |      67 |      33 |  33.0
   Vaults:4 |   22487 |   12587 |  35.9 |      37 |      13 |  26.0
   Vaults:5 |   12641 |  135012 |  91.4 |      17 |      94 |  84.7
    Crypt:1 |   28831 |   42093 |  59.3 |      41 |      21 |  33.9
    Crypt:2 |   36937 |   19668 |  34.7 |      43 |      23 |  34.8
    Crypt:3 |   19628 |   41076 |  67.7 |      25 |      29 |  53.7
   Depths:1 |   48706 |   17206 |  26.1 |      67 |      11 |  14.1
   Depths:2 |       0 |  142232 | 100.0 |       0 |     122 | 100.0
   Depths:3 |   21206 |   26538 |  55.6 |      26 |      27 |  50.9
   Depths:4 |       0 |   61527 | 100.0 |       0 |     100 | 100.0
   Depths:5 |   30082 |   21264 |  41.4 |      31 |      15 |  32.6
      Zot:1 |   63993 |   13961 |  17.9 |      38 |       9 |  19.1
      Zot:2 |   49205 |       0 |   0.0 |      36 |       0 |   0.0
      Zot:3 |   67321 |    6514 |   8.8 |      43 |       2 |   4.4
      Zot:4 |  101840 |   42421 |  29.4 |      65 |      15 |  18.8
      Zot:5 |   25823 |  189760 |  88.0 |      17 |      46 |  73.0
      Sewer |       0 |     301 | 100.0 |       0 |      18 | 100.0
    Ossuary |       0 |     728 | 100.0 |       0 |      32 | 100.0
     Bailey |       0 |     303 | 100.0 |       0 |      12 | 100.0
    Volcano |       0 |    4213 | 100.0 |       0 |       8 | 100.0
            +---------+---------+-------+---------+---------+-------
